 Dungeon Crawl Stone Soup version 0.31.0-12-g77e489cdc1 (webtiles) character file.

Game seed: 16663449605283292593

131659 jagang the Fencer (level 17, -1/142 HPs)
             Began as a Human Monk on Feb 22, 2024.
             Was the Champion of the Shining One.
             Slain by a five-headed hydra (3 damage)
             ... on level 4 of the Swamp on Feb 23, 2024.
             The game lasted 01:25:08 (25017 turns).

jagang the Fencer (Human Monk)                     Turns: 25017, Time: 01:25:08

Health: -1/142     AC: 19    Str: 17    XL:     17   Next: 10%
Magic:  0/24       EV: 10    Int: 12    God:    the Shining One [******]
Gold:   1918       SH: 29    Dex: 28    Spells: 16/16 levels left

rFire   + . .        S - +2 short sword (flame)
rCold   x . .        j - +2 tower shield
rNeg    + + +        H - +4 scale mail {rPois}
rPois   +            x - +0 helmet
rElec   .            B - +1 cloak {Stlth+}
rCorr   .            l - +2 pair of gloves "Rorotuaxt" {Rampage Slay+3}
SInv    .            N - +0 pair of boots
Will    +....        L - brooch of Shielding {Spirit SH+8}
Stlth   +            k - ring "Kyumm" {Fire *Slow rPois Str+5 Slay+3}
HPRegen 0.43/turn    y - +6 ring of dexterity
MPRegen 0.19/turn

%: slow self (1%), guardian spirit, rampage
@: corroded, hasted and slowed, glowing, very slow
A: explore regen
a: Renounce Religion, Divine Shield, Cleansing Flame, Summon Divine Warrior,
Brand Weapon With Holy Wrath


You were on level 4 of the Swamp.
You worshipped the Shining One.
The Shining One was exalted by your worship.
You visited 5 branches of the dungeon, and saw 24 of its levels.
You also visited: Ossuary and Bailey.

You collected 3703 gold pieces.
You spent 1785 gold pieces at shops.

Inventory:

Hand Weapons
 K - the +8 autumn katana {manifold assault}
   (You acquired it on level 2 of the Orcish Mines)
 S - a +2 short sword of flaming (weapon)
Missiles
 c - 2 throwing nets
 d - 4 curare-tipped darts
 q - 24 poisoned darts
 u - 6 atropa-tipped darts
 D - 20 boomerangs (quivered)
 E - 2 silver javelins
 Q - 2 javelins
Armour
 j - a +2 tower shield (worn)
 l - the +2 pair of gloves "Rorotuaxt" (worn) {Rampage Slay+3}
   (You bought it in a shop on level 2 of the Orcish Mines)

   Slay+3:    It affects your accuracy & damage with ranged weapons and melee
   (+3).
   Rampage:   It bestows one free step when moving towards enemies.
 x - a +0 helmet (worn)
 B - a +1 cloak of stealth (worn)
 H - a +4 scale mail of poison resistance (worn)
 N - a +0 pair of boots (worn)
Jewellery
 k - the ring "Kyumm" (left hand) {Fire *Slow rPois Str+5 Slay+3}
   (You found it on level 2 of the Dungeon)

   [ring of fire]

   Fire:      It enhances your fire magic.
   Str+5:     It affects your strength (+5).
   Slay+3:    It affects your accuracy & damage with ranged weapons and melee
   (+3).
   rF+:       It protects you from fire.
   rC-:       It makes you vulnerable to cold.
   rPois:     It protects you from poison *Slow: It may slow you when you take
   damage.
 y - a +6 ring of dexterity (right hand)
 J - a ring of protection from cold
 L - the brooch of Shielding (around neck) {Spirit SH+8}
   (You found it on level 1 of the Orcish Mines)

   [amulet of guardian spirit]

   Spirit:    It causes incoming damage to be divided between your reserves of
   health and magic.
   SH+8:      It affects your SH (+8).
Wands
 a - a wand of charming (15)
 A - a wand of quicksilver (8)
 I - a wand of flame (40)
 P - a wand of polymorph (6)
 U - a wand of roots (4)
Scrolls
 g - 14 scrolls of teleportation
 h - 2 scrolls of silence
 m - a scroll of enchant armour
 o - 3 scrolls of identify
 p - 4 scrolls of immolation
 w - 3 scrolls of butterflies
 F - a scroll of revelation
 M - a scroll of enchant weapon
 O - a scroll of fog
 V - a scroll of poison
Potions
 b - 4 potions of enlightenment
 e - a potion of ambrosia
 f - 6 potions of curing
 i - 6 potions of heal wounds
 n - 3 potions of cancellation
 r - a potion of magic
 s - a potion of lignification
 G - 4 potions of haste
 X - 4 potions of might
 Y - 2 potions of resistance
Miscellaneous
 W - a lightning rod (4/4)
 Z - a phantom mirror


   Skills:
 * Level 15.0 Fighting
 * Level 17.6 Long Blades
 - Level 5.0 Throwing
 * Level 14.0 Armour
 - Level 4.0 Dodging
 + Level 7.6 Shields
 + Level 10.2 Invocations
 - Level 5.0 Evocations


You had 16 spell levels left.
You didn't know any spells.
Your spell library contained the following spells:

 Spells                   Type           Power      Damage    Failure   Level
 Shock                    Conj/Air       0%         1d3       99%         1
 Sting                    Conj/Alch      0%         1d3       99%         1
 Cigotuvi's Dreadful Rot  Necr/Alch/Air  0%         N/A       100%        2
 Jinxbite                 Hex            0%         N/A       100%        2
 Mercury Vapours          Alch/Air       0%         N/A       100%        2
 Dazzling Flash           Conj/Hex       0%         N/A       100%        3
 Frozen Ramparts          Ice            0%         1d1       100%        3
 Mephitic Cloud           Conj/Alch/Air  0%         N/A       100%        3
 Swiftness                Air            0%         N/A       100%        3
 Volatile Blastmotes      Fire/Tloc      0%         2d10      100%        3
 Airstrike                Air            0%         2d(0-16)  100%        4
 Dispel Undead            Necr           0%         3d6       100%        4
 Fulminant Prism          Conj/Alch      0%         3d5       100%        4
 Iskenderun's Mystic Bla  Conj/Tloc      0%         2d3       100%        4
 Leda's Liquefaction      Alch/Erth      0%         N/A       100%        4
 Martyr's Knell           Necr/Summ      0%         N/A       100%        4
 Olgreb's Toxic Radiance  Alch           0%         N/A       100%        4
 Petrify                  Alch/Erth      0%         N/A       100%        4
 Curse of Agony           Necr           0%         N/A       100%        5
 Freezing Cloud           Conj/Ice/Air   0%         6-21      100%        5
 Metabolic Englaciation   Hex/Ice        0%         N/A       100%        5
 Silence                  Hex/Air        0%         N/A       100%        5
 Summon Forest            Summ/Tloc      0%         N/A       100%        5
 Summon Mana Viper        Hex/Summ       0%         N/A       100%        5
 Yara's Violent Unravell  Hex/Alch       0%         3d3       100%        5
 Death Channel            Necr           0%         N/A       100%        6
 Starburst                Conj/Fire      0%         6d3       100%        6
 Summon Cactus Giant      Summ           0%         N/A       100%        6
 Enfeeble                 Hex            0%         N/A       100%        7
 Maxwell's Capacitive Co  Air            0%         ∞         100%        8
 Chain Lightning          Conj/Air       0%         N/A       100%        9
 Fire Storm               Conj/Fire      0%         5d1       100%        9
 Shatter                  Erth           0%         3d5*      100%        9


Dungeon Overview and Level Annotations

Branches:
Dungeon (12/15)            Temple (1/1) D:6            Lair (5/5) D:8
  Swamp (4/4) Lair:3        Snake (0/4) Lair:3        Slime (0/5) Lair:5
    Orc (2/2) D:12            Elf (0/3) Orc:2       Ossuary (visited)
 Bailey (visited)

Altars:
Ashenzari
Cheibriados
Dithmenos
Elyvilon
Fedhas
Gozag
Hepliaklqana
Kikubaaqudgha
Makhleb
Nemelex Xobeh
Okawaru
Qazlal
Ru
Sif Muna
Trog
Uskayaw
Vehumet
Wu Jian
Xom
Yredelemnul
Zin
The Shining One

Shops:
D:11 [   Orc:1 !   Orc:2 [?![

Annotations:
Lair:5 exclusion: 2 oklob plants


Innate Abilities, Weirdness & Mutations

You regain HP and MP as you explore.


Message History

The four-headed hydra bites you. The five-headed hydra bites you.
The five-headed hydra bites you but does no damage. x2
The five-headed hydra bites you.
The five-headed hydra bites you but does no damage.
The goliath frog hits you but does no damage.
You rampage towards the swamp worm!
You block the goliath frog's attack. The four-headed hydra misses you.
The four-headed hydra bites you but does no damage.
You block the four-headed hydra's attack. x2
You block the five-headed hydra's attack.
The five-headed hydra barely misses you.
The five-headed hydra bites you but does no damage.
The five-headed hydra closely misses you.
The five-headed hydra bites you but does no damage.
The goliath frog hits you from afar!
You are splashed with acid.
The four-headed hydra barely misses you.
The four-headed hydra bites you but does no damage.
The four-headed hydra barely misses you.
The four-headed hydra bites you but does no damage.
The tyrant leech bites you.
The five-headed hydra bites you but does no damage. x2
The five-headed hydra completely misses you.
The five-headed hydra bites you but does no damage.
The five-headed hydra barely misses you.
The goliath frog hits you from afar!
* * * LOW HITPOINT WARNING * * *
You are splashed with acid.
* * * LOW HITPOINT WARNING * * *
The four-headed hydra bites you but does no damage. x2
The four-headed hydra bites you!
* * * LOW HITPOINT WARNING * * *
The four-headed hydra bites you.
* * * LOW HITPOINT WARNING * * *
Okay, then.
You feel yourself speed up. The goliath frog hits you from afar!!
* * * LOW HITPOINT WARNING * * *
You are splashed with acid!
* * * LOW HITPOINT WARNING * * *
The five-headed hydra bites you.
You die...

~. ♣D.~ ♣♣♣ .~
~.♣♣.~~♣♣♣♣.~♣ ♣..
.♣l.~~~♣w♣~..♣♣~♣~
♣...~~.......§.~.♣
♣<§~~~~~~~~~~.~~~♣
.~~~~~~~F~~~§~~~..
~~~~~~~~~w~.~~~.~~
~~~~w~~~~@D~~~~~~♣
~~~~~~~~~~D~~~~~~..
~....~~~.....~~~.~♣
~~~~♣.~♣♣$.~.~~~§♣♣
♣~~..~♣♣~.~♣~.~~~.
♣♣.~~~.~♣.).~♣~~♣♣.
♣♣.~~~~~..♣~~.♣~♣♣
♣..~~~~§~~♣♣~~♣♣♣
♣..~~~~~§♣♣ ..♣


You could see 2 five-headed hydras, a four-headed hydra, an alligator (fleeing),
a tyrant leech, a goliath frog and 2 swamp worms.

Vanquished Creatures
  Rupert (Lair:5)
  Frances (D:12)
  The ghost of turdburglar the Grappler, a journeyman TrSh of Gozag (Orc:1)
  Kirke (D:12)
  Louise (Swamp:1)
  A bunyip (Swamp:4)
  2 eleionomae
  10 hydras
  Fannar (Lair:3)
  2 catoblepae
  A centaur warrior (D:11)
  A ghost crab (Swamp:3)
  4 boulder beetles
  6 alligators
  6 death yaks (Lair:2)
  6 two-headed ogres
  A hell hog (Lair:5)
  An orc high priest (Orc:2)
  An occultist (D:11)
  Sonja (Orc:1)
  2 goliath frogs (Swamp:4)
  Lodul (D:12)
  2 swamp dragons
  17 orc knights
  3 bog bodies
  2 lindwurms
  5 orc sorcerers
  A will-o-the-wisp (Swamp:1)
  A wolf spider (Lair:5)
  A salamander (Lair:3)
  3 cyclopes
  10 elephants
  5 manticores
  A moth of wrath (Orc:1)
  A kobold blastminer (Orc:2)
  5 black mambas
  A gargoyle (D:11)
  17 cane toads
  3 torpor snails (Lair:5)
  3 kobold demonologists
  Maggie (D:9)
  2 unseen horrors
  6 rime drakes
  6 komodo dragons
  Psyche (D:10)
  6 trolls
  3 tyrant leeches
  7 saltlings (Orc:2)
  A merfolk (shapeshifter) (D:11)
  11 polar bears
  4 hornets
  13 blink frogs
  13 dream sheep
  A raiju (Lair:5)
  3 slime creatures (D:12)
  4 spriggans
  A shadow (D:10)
  54 yaks
  A steam dragon (D:7)
  8 wyverns
  3 wraiths (D:11)
  A hog (D:12)
  8 wargs
  Eustachio (D:6)
  4 basilisks
  18 vampire mosquitoes
  9 swamp worms
  16 hell hounds (Lair:5)
  3 acid dragons
  12 water moccasins
  An ice beast (D:7)
  32 orc warriors
  2 swamp drakes
  2 sky beasts
  A laughing skull (D:11)
  13 black bears
  20 ogres
  26 wolves
  5 centaurs
  2 elf zombies (Ossuary)
  2 kobold brigands
  7 bullfrogs
  The ghost of middlethird the Conjurer, an amateur VSCj (D:3)
  A gnoll sergeant (D:10)
  A burial acolyte (Ossuary)
  7 wights (D:8)
  16 killer bees
  12 electric eels
  5 howler monkeys
  3 lava snakes (Lair:3)
  2 bombardier beetles
  3 human zombies (Ossuary)
  4 hounds
  3 jellies
  20 orc priests
  3 iguanas
  23 orc wizards
  6 hell rats (Lair:4)
  2 crocodile zombies (Ossuary)
  3 hound zombies (Ossuary)
  3 mummies (Ossuary)
  7 adders
  9 gnolls
  A shadow imp (D:6)
  3 white imps
  2 ufetubi (D:6)
  4 adder zombies (Ossuary)
  6 ribbon worms
  A dart slug (D:1)
  97 orcs
  7 ball pythons
  4 bats
  7 endoplasms
  4 giant cockroaches
  11 goblins
  17 hobgoblins
  8 jackals
  17 kobolds
  3 quokkas
  4 ball python zombies (Ossuary)
  2 frilled lizards (D:3)
  7 jackal zombies (Ossuary)
  4 kobold zombies (Ossuary)
  An orc zombie (Ossuary)
  5 rats
  2 butterflies (Lair:1)
818 creatures vanquished.

Vanquished Creatures (others)
  A bloated husk (Swamp:2)
  An ogre (D:12)
  A wolf (Lair:5)
  A centaur (D:11)
4 creatures vanquished.

Grand Total: 822 creatures vanquished

Notes
Turn   | Place    | Note
-------+----------+-------------------------------------------
     0 | D:1      | jagang the Human Monk began the quest for the Orb.
     0 | D:1      | Reached XP level 1. HP: 18/18 MP: 1/1
   155 | D:1      | Reached XP level 2. HP: 24/24 MP: 2/2
   527 | D:1      | Reached XP level 3. HP: 29/29 MP: 3/3
   811 | D:2      | Identified the +3 scale mail of Pisch {rElec Will+ Str+2
                  | SInv}
   928 | D:2      | Identified the ring "Kyumm" {Fire *Slow rPois Str+5 Slay+3}
   958 | D:2      | Reached XP level 4. HP: 37/37 MP: 4/4
  1239 | D:3      | Found a faded altar of an unknown god.
  1473 | D:3      | Identified the +3 leather armour of Lethargy {Int+6}
  1550 | D:3      | Reached XP level 5. HP: 28/42 MP: 5/5
  1622 | D:3      | Found a broken altar of Ashenzari.
  1637 | D:3      | Found an ancient bone altar of Kikubaaqudgha.
  1750 | D:3      | Reached skill level 4 in Long Blades
  1918 | D:3      | Found a bloodstained altar of Trog.
  1979 | D:3      | Found a transporter.
  1981 | D:3      | Noticed middlethird's ghost (amateur VSCj)
  1981 | D:3      | Noticed an ogre
  1983 | D:3      | Found a transporter.
  1983 | D:3      | Noticed an ogre
  1984 | D:3      | Noticed an ogre
  2060 | D:4      | Reached skill level 1 in Armour
  2135 | D:4      | Found a sand-covered staircase.
  2149 | D:4      | Reached XP level 6. HP: 27/49 MP: 6/6
  2225 | Ossuary  | Entered an ossuary
  2406 | Ossuary  | Reached XP level 7. HP: 44/55 MP: 7/7
  2661 | Ossuary  | Reached skill level 5 in Fighting
  2669 | Ossuary  | Reached skill level 5 in Long Blades
  3447 | D:5      | Entered Level 5 of the Dungeon
  3697 | D:5      | Reached skill level 5 in Armour
  3712 | D:5      | Reached XP level 8. HP: 20/63 MP: 8/8
  3722 | D:5      | HP: 4/94 [poisoned by a killer bee]
  4955 | D:5      | Reached skill level 1 in Invocations
  5068 | D:6      | Reached skill level 1 in Throwing
  5079 | D:6      | Found a staircase to the Ecumenical Temple.
  5087 | Temple   | Entered the Ecumenical Temple
  5096 | Temple   | Became a worshipper of the Shining One
  5096 | Temple   | Reached * piety under the Shining One
  5096 | Temple   | Reached ** piety under the Shining One
  5418 | D:6      | Noticed Eustachio
  5427 | D:6      | Killed Eustachio
  5428 | D:6      | Reached skill level 6 in Long Blades
  5466 | D:6      | Found a basalt altar of Yredelemnul.
  5544 | D:6      | Noticed a rust devil
  5544 | D:6      | Noticed a rust devil
  5639 | D:6      | Reached XP level 9. HP: 65/70 MP: 10/10
  5882 | D:7      | Noticed a two-headed ogre
  5901 | D:7      | Killed a two-headed ogre
  5902 | D:7      | Reached skill level 7 in Long Blades
  6937 | D:3      | Reached XP level 10. HP: 80/80 MP: 13/13
  6945 | D:3      | Killed middlethird's ghost
  7252 | D:8      | Found a burning altar of Makhleb.
  7275 | D:8      | Reached skill level 8 in Long Blades
  7409 | D:8      | Reached *** piety under the Shining One
  7424 | D:8      | Found a glowing silver altar of Zin.
  7741 | D:8      | Reached skill level 5 in Invocations
  7776 | D:8      | Found a staircase to the Lair.
  8020 | Lair:1   | Entered Level 1 of the Lair of Beasts
  8020 | Lair:1   | Noticed a boulder beetle
  8033 | D:8      | HP: 3/82 [boulder beetle (8)]
  8252 | D:8      | Killed a boulder beetle
  8253 | D:8      | Reached skill level 9 in Long Blades
  8253 | D:8      | Reached XP level 11. HP: 29/89 MP: 14/14
  8287 | D:8      | HP: 4/89 [yak (11)]
  8961 | D:9      | Noticed Maggie
  8970 | D:9      | Killed Maggie
  9016 | D:9      | Found a stormy altar of Qazlal.
  9530 | D:10     | Entered Level 10 of the Dungeon
  9550 | D:10     | Found a flagged portal.
  9591 | Bailey   | Entered a bailey
  9706 | Bailey   | Noticed an orc knight
  9712 | Bailey   | Noticed an orc sorcerer
  9718 | Bailey   | Killed an orc knight
  9718 | Bailey   | Paralysed by an orc sorcerer for 4 turns
  9736 | Bailey   | Killed an orc sorcerer
  9876 | Bailey   | Noticed an orc knight
  9887 | Bailey   | Killed an orc knight
  9984 | Bailey   | Noticed an orc knight
 10001 | Bailey   | Killed an orc knight
 10049 | Bailey   | Reached skill level 5 in Throwing
 10054 | Bailey   | Reached skill level 12 in Long Blades
 10054 | Bailey   | Reached XP level 12. HP: 94/97 MP: 16/16
 10055 | Bailey   | Reached skill level 10 in Fighting
 10055 | Bailey   | Reached skill level 14 in Long Blades
 10055 | Bailey   | Reached XP level 13. HP: 102/105 MP: 17/17
 10103 | Bailey   | Acquired a +2 double sword of freezing
 10128 | Bailey   | Found an iron altar of Okawaru.
 10129 | Bailey   | Identified the +0 ring mail of the Arcane {rF- rN++ Regen+
                  | rCorr}
 10288 | Bailey   | Reached skill level 1 in Shields
 10625 | D:10     | Noticed Psyche
 10627 | D:10     | Killed Psyche
 11446 | D:11     | Found Dydiraal's Armour Shoppe.
 11528 | D:11     | Reached **** piety under the Shining One
 12127 | D:11     | Reached skill level 10 in Armour
 12313 | D:11     | Acquired 985 gold pieces
 12350 | D:11     | Reached XP level 14. HP: 83/113 MP: 19/19
 13108 | D:12     | Noticed Lodul
 13124 | D:12     | Reached skill level 15 in Long Blades
 13132 | D:12     | Killed Lodul
 13354 | D:12     | Reached skill level 1 in Evocations
 13382 | D:12     | Noticed Frances
 13394 | D:12     | Killed Frances
 13617 | D:12     | Noticed Kirke
 13625 | D:12     | Killed Kirke
 13640 | D:12     | Reached ***** piety under the Shining One
 13959 | D:12     | Found a staircase to the Orcish Mines.
 14079 | D:12     | Found a hazy altar of Hepliaklqana.
 14081 | D:12     | Found a faded altar of an unknown god.
 14083 | D:12     | Found a faded altar of an unknown god.
 14495 | Orc:1    | Entered Level 1 of the Orcish Mines
 14508 | Orc:1    | Noticed Sonja
 14609 | Orc:1    | Killed Sonja
 14698 | Orc:1    | Found a transporter.
 14698 | Orc:1    | Found a transporter.
 14709 | Orc:1    | Noticed turdburglar's ghost (journeyman TrSh)
 14795 | Orc:1    | Found a bloodstained altar of Trog.
 14876 | Orc:1    | Found the brooch of Shielding {Spirit SH+8}
 15148 | Orc:2    | Entered Level 2 of the Orcish Mines
 15548 | Orc:2    | Found Wiarus's Antique Armour Shoppe.
 15553 | Orc:2    | Bought a pair of scorched gloves for 313 gold pieces
 15553 | Orc:2    | Identified the +2 pair of gloves "Rorotuaxt" {Rampage
                  | Slay+3} (You bought it in a shop on level 2 of the Orcish
                  | Mines)
 15606 | Orc:2    | Found Engouxzo's Magic Scroll Boutique.
 15615 | Orc:2    | Found Yrossoerph's Antique Armour Boutique.
 15681 | Orc:2    | Bought a runed cloak for 225 gold pieces
 15700 | Orc:2    | Bought a scroll of acquirement for 728 gold pieces
 15700 | Orc:2    | Bought a scroll of identify for 28 gold pieces
 15700 | Orc:2    | Bought a scroll of identify for 28 gold pieces
 15700 | Orc:2    | Bought a scroll of identify for 28 gold pieces
 15700 | Orc:2    | Bought a scroll of identify for 28 gold pieces
 15704 | Orc:2    | Acquired the +8 autumn katana {manifold assault}
 15704 | Orc:2    | Found the +8 autumn katana {manifold assault}
 15721 | Orc:2    | Found Xaah's Distillery.
 15733 | Orc:2    | Bought a potion of heal wounds for 60 gold pieces
 15733 | Orc:2    | Bought a potion of might for 48 gold pieces
 15921 | Orc:2    | Found a staircase to the Elven Halls.
 15980 | Orc:2    | Reached XP level 15. HP: 122/122 MP: 21/21
 16409 | Orc:1    | Found Baolaw's Distillery.
 16417 | Orc:1    | Bought a potion of heal wounds for 65 gold pieces
 16417 | Orc:1    | Bought a potion of might for 52 gold pieces
 16417 | Orc:1    | Bought a potion of resistance for 130 gold pieces
 16417 | Orc:1    | Bought a potion of brilliance for 52 gold pieces
 16703 | Orc:1    | Killed turdburglar's ghost
 16706 | Orc:1    | Reached skill level 5 in Shields
 17141 | Lair:1   | Reached skill level 16 in Long Blades
 17421 | Lair:1   | Reached ****** piety under the Shining One
 18454 | Lair:2   | Found a runed translucent door.
 19430 | Lair:3   | Found a staircase to the Snake Pit.
 20010 | Lair:3   | Noticed Fannar
 20026 | Lair:3   | Killed Fannar
 20518 | Lair:3   | Reached skill level 5 in Evocations
 20524 | Lair:3   | Found a staircase to the Swamp.
 21088 | Lair:4   | Reached XP level 16. HP: 82/132 MP: 14/22
 21617 | Lair:5   | Entered Level 5 of the Lair of Beasts
 21683 | Lair:5   | Found a staircase to the Slime Pits.
 22333 | Lair:5   | Reached skill level 17 in Long Blades
 22410 | Lair:5   | Noticed Rupert
 22431 | Lair:5   | Killed Rupert
 23786 | Swamp:1  | Entered Level 1 of the Swamp
 23795 | Swamp:1  | Noticed Louise
 24100 | Swamp:1  | Killed Louise
 24105 | Swamp:1  | Reached skill level 10 in Invocations
 24766 | Swamp:3  | Reached XP level 17. HP: 140/140 MP: 24/24
 24772 | Swamp:4  | Entered Level 4 of the Swamp
 24888 | Swamp:4  | Reached skill level 15 in Fighting
 25017 | Swamp:4  | HP: 2/142 [acid (6)]
 25017 | Swamp:4  | Slain by a five-headed hydra

Illustrated notes

Levels and vault maps discovered:
D:1:      scummos_arrival_simple_fountains, layout_basic
D:2:      layout_rooms
D:3:      layout_basic, nicolae_overflow_squiral, mainiacjoe_overflow_alcove_1,
          gammafunk_ghost_smash, shapermc_ecumenical_altar_pompeii
D:4:      minmay_spotlight, layout_basic, enter_ossuary_5
D:5:      layout_layer_cave, chequers_serial_rivers_room_a
D:6:      cheibrodos_iron_armory, layout_loops_cross,
          mainiacjoe_overflow_24_doors, minmay_temple_entry_trees,
          kennysheep_crisscross, uniq_eustachio
D:7:      layout_basic
D:8:      layout_rooms, mainiacjoe_overflow_alcove_4,
          mainiacjoe_overflow_catwalk, erik_lair_dragon, fungi_pond_lemuel,
          amcnicky_mini_pool_small, due_unseen_surprise
D:9:      layout_basic, mainiacjoe_overflow_brackets, serial_rivers,
          chequers_serial_rivers_micro_a, chequers_serial_rivers_small_3,
          chequers_serial_rivers_micro_a, chequers_serial_rivers_micro_c,
          uniq_maggie
D:10:     layout_loops_corners, enter_bailey_7, uniq_psyche
D:11:     wad_statue_garden, layout_basic, serial_shops, nicolae_stop_n_shop_1
D:12:     layout_roguey, minmay_orc_entry_temple_small, minmay_misc_feat_room,
          nicolae_hepliaklqana_ecumenical_no_more, uniq_kirke, uniq_lodul,
          uniq_frances
Temple:   nicolae_temple_bog_church
Lair:1:   layout_regular_city, gauntlet_entry_generic, lemuel_fruit_fields
Lair:2:   gammafunk_lair_enchanted_lake, layout_long_grid
Lair:3:   layout_roguey, nicolae_swamp_entry_splash_gauntlet,
          nicolae_snake_entry_warm_welcome, minivault_19, serial_bayou_lagoon_b,
          serial_bayou_shore_b, uniq_fannar
Lair:4:   layout_hall_layers
Lair:5:   hangedman_lair_in_review, layout_gridlike,
          hangedman_lair_caniforms_friends, minmay_slime_entry_oklob_open,
          serial_bayou_lagoon_a, serial_bayou_shore_b, uniq_rupert
Swamp:1:  layout_basic_swamp, hangedman_swamp_ruin_hall, swamp_pool_4,
          uniq_louise
Swamp:2:  layout_basic_swamp, evilmike_swamp_ruin_house_5
Swamp:3:  nicolae_swamp_standing_stones, layout_falls_marsh,
          gammafunk_ghost_berserking_beasts, infiniplex_staircase_pool
Swamp:4:  swamp_basic_johnstein, layout_basic_swamp, lightli_tree_ring
Orc:1:    cheibrodos_orc_bank, layout_diamond_mine,
          gammafunk_ghost_wrathful_warriors, serial_shops, shop, uniq_sonja
Orc:2:    hellmonk_orc_salted, layout_diamond_mine

Skill      XL: |  1  2  3  4  5  6  7  8  9 10 11 12 13 14 15 16 17 |
---------------+----------------------------------------------------+-----
Fighting       | 4 5 6 7 9 10 11 12 13 14 15 | 15.0
Long Blades    | 4 5 6 7 9 12 14 15 16 17 | 17.6
Dodging        | 4 |  4.0
Armour         | 2 3 5 6 7 8 9 10 11 12 13 14 | 14.0
Invocations    | 2 4 5 6 8 9 10 | 10.2
Throwing       | 2 4 5 |  5.0
Shields        | 2 4 6 7 |  7.6
Evocations     | 3 5 |  5.0

Action                     |  1- 3 |  4- 6 |  7- 9 | 10-12 | 13-15 | 16-18 || total
---------------------------+-------+-------+-------+-------+-------+-------++-------
  Melee: Falchion          |    75 |   197 |   315 |   255 |       |       ||   842
         Punch             |       |       |       |     4 |    16 |     5 ||    25
         Double sword      |       |       |       |       |   517 |       ||   517
         Great sword       |       |       |       |       |    13 |       ||    13
         Katana            |       |       |       |       |   471 |   503 ||   974
         Short sword       |       |       |       |       |    16 |    67 ||    83
  Throw: Dart              |       |       |     4 |    22 |    12 |       ||    38
         Boomerang         |       |       |    10 |    34 |    15 |     6 ||    65
         Javelin           |       |       |       |       |     6 |       ||     6
 Invoke: Cleansing Flame   |       |       |       |     1 |     6 |       ||     7
  Evoke: Wand              |       |       |     1 |       |     1 |       ||     2
    Use: Scroll            |       |     4 |     5 |     5 |    16 |     5 ||    35
         Potion            |       |       |     1 |     4 |     2 |     4 ||    11
 Armour: Scale mail        |    57 |   122 |   219 |   153 |   486 |   503 ||  1540
         Robe              |     1 |       |       |       |       |       ||     1
         Skin              |       |       |     8 |       |       |       ||     8
  Dodge: Dodged            |    43 |   104 |   260 |   124 |   428 |   233 ||  1192
  Block: Other             |       |       |       |       |    50 |    94 ||   144
         Tower shield      |       |       |       |       |       |   341 ||   341
